 Dungeon Crawl Stone Soup version 0.31-a0-620-gd1cbd99268 (webtiles) character file.

Game seed: 15735406518840976529

3298 Descartes the Covert (level 9, -24/41 HPs)
             Began as a Felid Shapeshifter on Aug 23, 2023.
             Annihilated by an orc warlord
             ... wielding a +2 broad axe
              (34 damage)
             ... in a bailey.
             The game lasted 00:18:16 (7775 turns).

Descartes the Covert (Felid Shapeshifter)           Turns: 7775, Time: 00:18:16

Health: -24/41     AC:  2    Str: 15    XL:     9   Next: 70%
Magic:  0/10       EV: 22    Int: 10    God:
Gold:   323        SH:  0    Dex: 16    Spells: 8/8 levels left
                                        Lives:  0   Deaths: 3

rFire   . .          .
                       - Unarmed
rCold   . . .        (shield unavailable)
rNeg    . . .        (body armour unavailable)
rPois   .            (helmet unavailable)
rElec   .            (cloak unavailable)
rCorr   +            (gloves unavailable)
SInv    +            (boots unavailable)
Will    +....        r - amulet of guardian spirit
Stlth   ++++         w - ring of resist corrosion
HPRegen 0.26/turn    (no ring)
MPRegen 0.12/turn

%: guardian spirit
@: mighty, beast-form, invisible, quick
A: beast (slay +3), very small, claws 1, fangs 3, see invisible, speed 1, shaggy
fur 2, stealthy paws, no weapons or thrown items, no armour, multi-lived
a: Begin Untransformation


You were in a bailey.
You were a hulking beast.
You visited 2 branches of the dungeon, and saw 8 of its levels.
You also visited: Sewer, Ossuary and Bailey.

You collected 323 gold pieces.

Inventory:

Jewellery
 q - a ring of magical power
 r - an amulet of guardian spirit (around neck)
 w - a ring of resist corrosion (left paw)
 x - a ring of ice
Talismans
 b - a beast talisman (active)
 c - a flux talisman
 g - a beast talisman (active)
Scrolls
 f - 2 scrolls of blinking
 i - 2 scrolls of fear
 l - 2 scrolls of noise
 o - 7 scrolls of fog
 s - 2 scrolls of immolation
 u - a scroll of silence
 y - a scroll of teleportation {unknown}
 z - a scroll of brand weapon
Potions
 a - 3 potions of lignification
 d - a potion of berserk rage {unknown}
 e - a potion of brilliance {unknown}
 h - 5 potions of haste
 j - a potion of degeneration {unknown}
 k - a potion of invisibility
 m - 2 potions of curing
 n - a potion of might
 t - 2 potions of attraction
 v - a potion of mutation {unknown}


   Skills:
 + Level 6.1 Fighting
 + Level 8.6 Dodging
 + Level 8.7 Stealth
 + Level 6.8 Unarmed Combat
 + Level 6.9 Shapeshifting


You had 8 spell levels left.
You didn't know any spells.
Your spell library contained the following spells:

 Spells                   Type           Power      Damage    Failure   Level
 Magic Dart               Conj           0%         1d3       36%         1
 Sandblast                Erth           0%         2d4       36%         1
 Call Imp                 Summ           0%         N/A       50%         2
 Cigotuvi's Dreadful Rot  Necr/Pois/Air  0%         N/A       50%         2
 Passwall                 Tmut/Erth      0%         N/A       50%         2
 Dazzling Flash           Conj/Hex       0%         N/A       75%         3
 Ignite Poison            Fire/Tmut/Pois 0%         N/A       75%         3
 Mephitic Cloud           Conj/Pois/Air  0%         N/A       75%         3
 Stone Arrow              Conj/Erth      0%         3d7       75%         3
 Volatile Blastmotes      Fire/Tloc      0%         2d10      75%         3
 Freezing Cloud           Conj/Ice/Air   0%         6-21      100%        5
 Starburst                Conj/Fire      0%         6d3       100%        6
 Maxwell's Capacitive Co  Air            0%         ∞         100%        8


Dungeon Overview and Level Annotations

Branches:
Dungeon (7/15)             Temple (1/1) D:6           Sewer (visited)
Ossuary (visited)          Bailey (1/1)

Altars:
Ashenzari
Cheibriados
Dithmenos
Elyvilon
Gozag
Hepliaklqana
Kikubaaqudgha
Makhleb
Nemelex Xobeh
Okawaru
Trog
Uskayaw
Wu Jian
Xom
Zin

Shops:
D:4 ((?   D:5 *

Annotations:
D:4 Pikel


Innate Abilities, Weirdness & Mutations

You are a hulking beast.
Your limbs bulge with bestial killing power. (Slay +3)
You have sharp claws.
You have razor-sharp teeth.
You have supernaturally acute eyesight. (SInv)
You cover ground quickly. (Speed+)
You are covered in thick fur. (AC +2)
Your paws help you pounce on unaware monsters.
You are incapable of wielding weapons or throwing items.
You cannot wear armour.
You gain extra lives every three experience levels.


Message History

The orc warlord hits you with a +2 broad axe!
Things that are here:
a +0 war axe; a +0 scale mail You scratch the orc warlord.
The orc warlord is lightly wounded.
The orc warlord hits you with a +2 broad axe!!
Ouch! That really hurt!
* * * LOW HITPOINT WARNING * * *
You fade into invisibility!
The orc warlord barely misses you.
Things that are here:
a +0 hand axe; a +0 leather armour
Things that are here:
a +0 hand axe; a +0 leather armour You feel much better.
You catch the helpless orc warlord completely off-guard!
You mangle the orc warlord!!
The orc warlord is moderately wounded.
The orc warlord hits you with a +2 broad axe!
* * * LOW HITPOINT WARNING * * *
You claw the orc warlord! You bite the orc warlord!
The orc warlord is heavily wounded.
You claw the orc warlord!
You bite the orc warlord, but do no damage.
The orc warlord is heavily wounded.
The orc warlord shouts!
The orc warlord closely misses you.
You mangle the orc warlord!!
You claw the orc warlord, but do no damage.
The orc warlord is severely wounded.
The orc warlord barely misses you.
There is a fountain of clear blue water here.
You claw the orc warlord!
The orc warlord is severely wounded.
The orc warlord barely misses you.
You claw the orc warlord!
The orc warlord is almost dead.
The orc warlord hits you with a +2 broad axe!!!
Ouch! That really hurt!
You die...

### ### ###.### ###.###
##.....### ###.....###
.........###.........##
.........)#...........#
........).'.....o.....#
....⌠...).#..).)h.....#
........).#..).).)....#
..........#...))......#
.........###)........###
♣♣♣ '#.....###
###...).#'#.### ♣♣♣..
.###.###
###.###.....###♣....
...###.. .
###.........##....
...8##....
#..........)#....
...8#g....
#...)......)'....


You could see an orc warlord (unable to see you).

Vanquished Creatures
  Sigmund (D:3)
  A steam dragon (D:6)
  A water moccasin (D:5)
  7 orc warriors (Bailey)
  A sky beast (D:7)
  An ogre (D:5)
  2 phantoms (D:5)
  Blork the orc (D:6)
  A lemure (D:4)
  2 kobold brigands (Sewer)
  2 bullfrogs (D:7)
  5 scorpions
  7 wights
  11 centaur zombies (Ossuary)
  A human zombie (Ossuary)
  An orc priest (D:4)
  4 hounds
  An iguana (D:4)
  3 mummies (Ossuary)
  5 gnolls (Bailey)
  7 adders
  A river rat (D:5)
  A white imp (D:5)
  2 ufetubi
  A worm (D:3)
  A dart slug (D:3)
  18 orcs
  11 ball pythons
  12 bats
  11 endoplasms
  5 giant cockroaches
  15 goblins
  17 hobgoblins
  13 jackals
  2 quokkas
  2 frilled lizards (D:3)
  19 kobolds
  11 rats
207 creatures vanquished.

Notes
Turn   | Place    | Note
-------+----------+-------------------------------------------
     0 | D:1      | Descartes the Felid Shapeshifter began the quest for the
                  | Orb.
     0 | D:1      | Reached XP level 1. HP: 9/9 MP: 2/2
   157 | D:1      | Reached skill level 1 in Stealth
   157 | D:1      | Reached XP level 2. HP: 10/12 MP: 3/3
   511 | D:1      | Found a faded altar of an unknown god.
   843 | D:2      | Reached XP level 3. HP: 5/15 MP: 4/4
  1556 | D:3      | Reached XP level 4. HP: 19/19 MP: 5/5
  1583 | D:3      | Found a shadowy altar of Dithmenos.
  1583 | D:3      | Found a white marble altar of Elyvilon.
  1583 | D:3      | Found a snail-covered altar of Cheibriados.
  1642 | D:3      | Identified the +0 chain mail of Prudence {Rampage Will+
                  | Str-2 Int+4}
  1769 | D:3      | Found a glowing silver altar of Zin.
  2201 | D:3      | Noticed Sigmund
  2273 | D:3      | Slain by Sigmund
  2294 | D:3      | Killed Sigmund
  2295 | D:3      | Reached XP level 5. HP: 19/23 MP: 4/6
  2295 | D:3      | Gained mutation: You are covered in thick fur. (AC +2)
                  | [Felid growth]
  2295 | D:3      | Reached XP level 6. HP: 23/27 MP: 4/7
  2527 | D:4      | Found an ancient bone altar of Kikubaaqudgha.
  2673 | D:4      | Noticed Pikel
  2882 | D:4      | Found Necist's Antique Weapon Emporium.
  2926 | D:4      | Found Denoz's Antique Weapon Boutique.
  2944 | D:4      | Found Iqohyps's Magic Scroll Boutique.
  3202 | D:4      | Killed from afar by an orc priest
  3241 | D:4      | Found a sand-covered staircase.
  3250 | Ossuary  | Entered an ossuary
  3311 | Ossuary  | Reached skill level 5 in Dodging
  3322 | Ossuary  | Reached XP level 7. HP: 17/31 MP: 2/8
  3439 | Ossuary  | Reached skill level 5 in Stealth
  3577 | Ossuary  | Reached skill level 5 in Shapeshifting
  3812 | D:4      | Found Pusch's Magic Scroll Shop.
  3951 | D:5      | Entered Level 5 of the Dungeon
  4157 | D:5      | Found a glowing drain.
  4177 | D:5      | Reached skill level 5 in Unarmed Combat
  4184 | Sewer    | Entered a sewer
  4265 | Sewer    | Reached XP level 8. HP: 36/36 MP: 9/9
  4498 | D:5      | Found Nuice's Assorted Antiques.
  5154 | D:6      | Found a staircase to the Ecumenical Temple.
  5196 | Temple   | Entered the Ecumenical Temple
  5303 | D:5      | HP: 1/36 [water moccasin (1)]
  5475 | D:6      | Found a hide-covered altar of Uskayaw.
  5478 | D:6      | Noticed a +0 hand axe
  5478 | D:6      | Noticed a +0 hand axe
  5497 | D:6      | Reached skill level 5 in Fighting
  6011 | D:6      | Noticed Blork the orc
  6217 | D:6      | Reached XP level 9. HP: 24/39 MP: 5/10
  6300 | D:6      | Slain by Blork the orc
  6491 | D:6      | Killed Blork the orc
  6605 | D:6      | Found a shimmering altar of Xom.
  6633 | D:6      | Found an iron altar of Okawaru.
  6871 | D:7      | Found a flagged portal.
  6896 | Bailey   | Entered a bailey
  7416 | Bailey   | HP: 1/41 [orc warrior/+0 war axe (11)]
  7576 | Bailey   | Noticed an orc warlord
  7775 | Bailey   | Annihilated by an orc warlord

Illustrated notes

Levels and vault maps discovered:
D:1:      heliophobic_arrival_ceremonial_halls, layout_basic,
          shapermc_ecumenical_altar_starsandcircs
D:2:      layout_loops_ring
D:3:      wad_river_or_something, layout_rooms, zin_statuary,
          gammafunk_temple_overflow_claw, serial_corexii_hall,
          corexii_hall_statues_x, chequers_hall_statues_wall_a,
          chequers_hall_statues_y, chequers_hall_statues_y, minmay_between,
          uniq_sigmund
D:4:      layout_gridville, kennysheep_mini_moat, nicolae_ossuary_entry_ruins,
          serial_shops, nicolae_shop_hallway_stairs, nicolae_lakefront_shop,
          shop, shop, uniq_pikel
D:5:      layout_basic, serial_shops, shop, portal_sewer_entry_c,
          grunt_ministairs_6, eino_curves_01
D:6:      layout_loops_ring, dancing_weapons_uskayaw,
          mainiacjoe_overflow_two_lobes, temple_pool_b, uniq_blork_the_orc
D:7:      layout_loops_corners, enter_bailey_2
Temple:   hellmonk_temple_of_storms
Bailey:   bailey_axe_minmay_hex_keep, bailey

Skill      XL: |  1  2  3  4  5  6  7  8  9 |
---------------+----------------------------+-----
Stealth        | 1 2 3 4 5 7 8 |  8.7
Dodging        | 3 4 5 6 7 8 |  8.6
Fighting       | 2 3 4 5 6 |  6.1
Unarmed Combat | 4 5 6 |  6.8
Shapeshifting  | 4 5 6 |  6.9

Action                     |  1- 3 |  4- 6 |  7- 9 || total
---------------------------+-------+-------+-------++-------
  Melee: Unarmed           |    87 |   194 |   329 ||   610
         Bite              |     3 |    16 |    37 ||    56
         Punch             |     1 |     7 |    18 ||    26
    Use: Scroll            |       |     8 |     4 ||    12
         Potion            |       |     1 |    14 ||    15
   Stab: Sleeping          |     4 |     9 |    21 ||    34
         Distracted        |       |       |     1 ||     1
         Invisible         |       |       |     4 ||     4
 Armour: Skin              |     5 |    86 |    23 ||   114
  Dodge: Dodged            |    69 |   177 |   299 ||   545

Table legend: (Time is in decaauts)
 A = Elapsed time spent in this place.
 B = Non-inter-level travel time spent in this place.
 C = Inter-level travel time spent in this place.
 D = Time resting spent in this place.
 E = Time spent auto-exploring this place.
 F = Levels seen in this place.
 G = Mean time per level.
                   A        B        C        D        E       F      G
               +--------+--------+--------+--------+--------+-----+--------+
         Total |   6706 |   6393 |    313 |      0 |   4266 |  11 |  609.6 |
       Dungeon |   5284 |   4985 |    299 |      0 |   3385 |   7 |  754.9 |
        Temple |     32 |     18 |     14 |      0 |      0 |   1 |   32.0 |
         Sewer |    259 |    259 |      0 |      0 |    124 |   1 |  259.0 |
       Ossuary |    315 |    315 |      0 |      0 |    221 |   1 |  315.0 |
        Bailey |    814 |    814 |      0 |      0 |    535 |   1 |  814.0 |
               +--------+--------+--------+--------+--------+-----+--------+

Top non-repeatable levels by time:
     D:5: 1088 daAuts
     D:6: 996 daAuts
     D:4: 931 daAuts
     D:3: 864 daAuts
  Bailey: 814 daAuts
     D:2: 624 daAuts
     D:1: 600 daAuts
 Ossuary: 315 daAuts
   Sewer: 259 daAuts
     D:7: 178 daAuts
  Temple: 32 daAuts
